3AA
BILLINGS POLAR BEARS @ YAKIMA HOPS
08/09/2030
 
TOP OF THE 1ST
Billings Polar Bears batting - Pitching for Yakima Hops : LHP Octávio Rodríguez
Pitching: LHP Octávio Rodríguez
Batting: RHB Mariano Sánchez 0-0: Ball
1-0: Called Strike
1-1: Swinging Strike
1-2: Ball
2-2: Foul Ball, location: 2F
2-2: Ball
3-2: Foul Ball, location: 2F
3-2: Ground out 5-3 (Groundball, 56)
Batting: RHB José Palácios 0-0: Ball
1-0: Called Strike
1-1: Foul Ball, location: 2F
1-2: Ball
2-2: Ball
3-2: Ground out 6-3 (Groundball, 6)
Batting: RHB José Cruz 0-0: Swinging Strike
0-1: Called Strike
0-2: Ground out 1-3 (Groundball, P)
Top of the 1st over - 0 runs, 0 hits, 0 errors, 0 left on base; Billings 0 - Yakima 0
BOTTOM OF THE 1ST
Yakima Hops batting - Pitching for Billings Polar Bears : RHP Tyler Carter
Pitching: RHP Tyler Carter
Batting: RHB Xavier Gama 0-0: Ball
1-0: Foul Ball, location: 2F
1-1: Ground out 4-3 (Groundball, 4)
Batting: SHB José Rico 0-0: Ball
1-0: Called Strike
1-1: Swinging Strike
1-2: Ball
2-2: Fly out, F8 (Flyball, 89S)
Batting: LHB Tim O'Neal 0-0: Ball
1-0: Ground out 6-3 (Groundball, 6)
Bottom of the 1st over - 0 runs, 0 hits, 0 errors, 0 left on base; Billings 0 - Yakima 0
TOP OF THE 2ND
Billings Polar Bears batting - Pitching for Yakima Hops : LHP Octávio Rodríguez
Batting: SHB Kilipaki Malamapono 0-0: Called Strike
0-1: Called Strike
0-2: Strikes out looking
Batting: LHB Chris Hill 0-0: Ball
1-0: Ball
2-0: Called Strike
2-1: Foul Ball, location: 2F
2-2: Strikes out swinging
Batting: RHB António Canales 0-0: Ball
1-0: Ball
2-0: Ball
3-0: Called Strike
3-1: SINGLE (Groundball, 15S) (infield hit)
Batting: RHB Nathan Landrum 0-0: Ball
1-0: Called Strike
1-1: Called Strike
António Canales steals 2nd base
1-2: Strikes out swinging
Top of the 2nd over - 0 runs, 1 hit, 0 errors, 1 left on base; Billings 0 - Yakima 0
BOTTOM OF THE 2ND
Yakima Hops batting - Pitching for Billings Polar Bears : RHP Tyler Carter
Batting: RHB Mark Finney 0-0: Called Strike
0-1: Foul Ball, location: 2F
0-2: Ball
1-2: Foul Ball, location: 2F
1-2: Foul Ball, location: 2F
1-2: Ball
2-2: Ball
3-2: Base on Balls
Batting: RHB Jud Regan 0-0: Foul Ball, location: 2F
0-1: Called Strike
0-2: SINGLE (Flyball, 78S)
Mark Finney to second
Batting: RHB Luis Rodríguez 0-0: Called Strike
Mark Finney steals 3rd base
Jud Regan to second
0-1: SINGLE (Flyball, 89M)
Mark Finney scores
Jud Regan to third
Batting: RHB Javier Carretero 0-0: Ball
1-0: SINGLE (Line Drive, 6D)
Jud Regan scores
Luis Rodríguez to second
Batting: RHB Randy Contreras 0-0: Ball
1-0: Called Strike
1-1: Foul Ball, location: 2F
1-2: Ball
2-2: Ball
3-2: Ground out 5-3 (Groundball, 56S)
Luis Rodríguez to third
Javier Carretero to second
Batting: RHB Giuseppe Provolone 0-0: Ground out 6-3 (Groundball, 56)
Luis Rodríguez scores
Batting: RHB Xavier Gama 0-0: Called Strike
0-1: Ball
1-1: Ball
2-1: Ground out 4-3 (Groundball, 4S)
Bottom of the 2nd over - 3 runs, 3 hits, 0 errors, 1 left on base; Billings 0 - Yakima 3
TOP OF THE 3RD
Billings Polar Bears batting - Pitching for Yakima Hops : LHP Octávio Rodríguez
Batting: SHB Tomás Solorzano 0-0: Called Strike
0-1: Ball
1-1: Ball
2-1: Ball
3-1: Called Strike
3-2: Strikes out swinging
Batting: RHB Corey Dudding 0-0: Foul Ball, location: 2F
0-1: Ball
1-1: Called Strike
1-2: Strikes out swinging
Batting: RHB Mariano Sánchez 0-0: Ball
1-0: Foul Ball, location: 2F
1-1: Foul Ball, location: 2F
1-2: Foul Ball, location: 2F
1-2: Ball
2-2: Strikes out swinging
Top of the 3rd over - 0 runs, 0 hits, 0 errors, 0 left on base; Billings 0 - Yakima 3
BOTTOM OF THE 3RD
Yakima Hops batting - Pitching for Billings Polar Bears : RHP Tyler Carter
Batting: SHB José Rico 0-0: DOUBLE (Line Drive, 7LS)
Batting: LHB Tim O'Neal 0-0: Ball
1-0: Foul Ball, location: 2F
1-1: Ball
2-1: Swinging Strike
2-2: Ball
3-2: SINGLE (Groundball, 56) (infield hit)
José Rico to third
Pitching: RHP Loeck Visser
Batting: RHB Mark Finney 0-0: Fielders Choice at 2nd, 6-4 (Groundball, 56)
José Rico scores
Batting: RHB Jud Regan 0-0: Called Strike
0-1: Called Strike
0-2: Strikes out swinging
Batting: RHB Luis Rodríguez 0-0: Called Strike
0-1: Foul Ball, location: 2F
0-2: Ball
1-2: SINGLE (Groundball, 56S) (infield hit)
Mark Finney to second
Batting: RHB Javier Carretero 0-0: Called Strike
0-1: Hit by Pitch
Mark Finney to third
Luis Rodríguez to second
Batting: RHB Randy Contreras 0-0: Ball
1-0: Foul Ball, location: 2F
1-1: Called Strike
1-2: Ball
2-2: Ball
3-2: Fly out, F8 (Flyball, 78S)
Bottom of the 3rd over - 1 run, 3 hits, 0 errors, 3 left on base; Billings 0 - Yakima 4
TOP OF THE 4TH
Billings Polar Bears batting - Pitching for Yakima Hops : LHP Octávio Rodríguez
Batting: RHB José Palácios 0-0: Ball
1-0: Ball
2-0: Called Strike
2-1: Swinging Strike
2-2: Ball
3-2: Foul Ball, location: 2F
3-2: Foul Ball, location: 2F
3-2: Foul Ball, location: 2F
3-2: Base on Balls
Batting: RHB José Cruz 0-0: Ball
1-0: Fielders Choice at 2nd, 4-6 (Groundball, 4M)
Batting: SHB Kilipaki Malamapono 0-0: Called Strike
José Cruz steals 2nd base
0-1: Called Strike
0-2: Foul Ball, location: 2F
0-2: Ball
1-2: Ground out 1-3 (Groundball, 13S)
José Cruz to third
Batting: LHB Chris Hill 0-0: Ball
1-0: Fly out, F7 (Line Drive, 7)
Top of the 4th over - 0 runs, 0 hits, 0 errors, 1 left on base; Billings 0 - Yakima 4
BOTTOM OF THE 4TH
Yakima Hops batting - Pitching for Billings Polar Bears : RHP Loeck Visser
Now at SS: Steve Sconiers
Batting: RHB Giuseppe Provolone 0-0: Ball
1-0: Called Strike
1-1: Fly out, F3 (Line Drive, 3)
Batting: RHB Xavier Gama 0-0: Ball
1-0: Ball
2-0: Called Strike
2-1: Foul Ball, location: 2F
2-2: Foul Ball, location: 2F
2-2: Ball
3-2: Foul Ball, location: 2F
3-2: SINGLE (Flyball, 9S)
Batting: SHB José Rico 0-0: Called Strike
0-1: Ball
Xavier Gama steals 2nd base
1-1: Reached on error, E6 (Groundball, 6)
Xavier Gama to third
Batting: LHB Tim O'Neal 0-0: Fly out, F8 (Flyball, 8LD)
Runner from 3rd tags up, OUT at HOME
Bottom of the 4th over - 0 runs, 1 hit, 1 error, 1 left on base; Billings 0 - Yakima 4
TOP OF THE 5TH
Billings Polar Bears batting - Pitching for Yakima Hops : LHP Octávio Rodríguez
Batting: RHB António Canales 0-0: Foul Ball, location: 2F
0-1: Called Strike
0-2: Ball
1-2: Ball
2-2: Foul Ball, location: 2F
2-2: Ball
3-2: Ground out 5-3 (Groundball, 5)
Batting: RHB Nathan Landrum 0-0: Swinging Strike
0-1: Ball
1-1: Ball
2-1: Swinging Strike
2-2: Ball
3-2: Base on Balls
Batting: SHB Tomás Solorzano 0-0: Called Strike
0-1: Ball
1-1: Called Strike
1-2: Strikes out swinging
Batting: RHB Corey Dudding 0-0: Ball
1-0: Ball
2-0: Ball
3-0: Base on Balls
Nathan Landrum to second
Batting: RHB Mariano Sánchez 0-0: Ball
1-0: DOUBLE (Line Drive, 78D)
Nathan Landrum scores
Corey Dudding to third
Pitching: LHP John Ashwood
Batting: LHB Steve Sconiers 0-0: SINGLE (Groundball, 3D)
Corey Dudding scores
Mariano Sánchez to third
Runner from 3rd tries for Home, SAFE, no throw
Batting: RHB José Cruz 0-0: Called Strike
0-1: Ball
Steve Sconiers steals 2nd base
1-1: Fly out, F6 (Flyball, 56D)
Top of the 5th over - 3 runs, 2 hits, 0 errors, 1 left on base; Billings 3 - Yakima 4
BOTTOM OF THE 5TH
Yakima Hops batting - Pitching for Billings Polar Bears : RHP Loeck Visser
Batting: RHB Mark Finney 0-0: Ball
1-0: Ball
2-0: Ground out 5-3 (Groundball, 5)
Batting: RHB Jud Regan 0-0: Ball
1-0: Ball
2-0: Foul Ball, location: 2F
2-1: Ground out 4-3 (Groundball, 4S)
Batting: RHB Luis Rodríguez 0-0: Ball
1-0: Called Strike
1-1: DOUBLE (Line Drive, 7LD)
Batting: RHB Javier Carretero 0-0: Ball
1-0: Called Strike
1-1: Ball
2-1: Ball
3-1: Ground out 3-1 (Groundball, 34S)
Bottom of the 5th over - 0 runs, 1 hit, 0 errors, 1 left on base; Billings 3 - Yakima 4
TOP OF THE 6TH
Billings Polar Bears batting - Pitching for Yakima Hops : LHP John Ashwood
Batting: SHB Kilipaki Malamapono 0-0: Ball
1-0: Swinging Strike
1-1: Ground out 5-3 (Groundball, 56)
Batting: LHB Chris Hill 0-0: Called Strike
0-1: Fly out, F8 (Flyball, 8LM)
Batting: RHB António Canales 0-0: Ball
1-0: Ball
2-0: Ground out 6-3 (Groundball, 6)
Top of the 6th over - 0 runs, 0 hits, 0 errors, 0 left on base; Billings 3 - Yakima 4
BOTTOM OF THE 6TH
Yakima Hops batting - Pitching for Billings Polar Bears : RHP Loeck Visser
Batting: RHB Randy Contreras 0-0: SINGLE (Line Drive, 6M)
Pitching: RHP Roberto Roque
Batting: RHB Giuseppe Provolone 0-0: Ground out 3-1 (Groundball, 34)
Randy Contreras to second
Batting: RHB Xavier Gama 0-0: Called Strike
0-1: SINGLE (Groundball, 56S) (infield hit)
Randy Contreras to third
Batting: SHB José Rico 0-0: Called Strike
0-1: Ball
1-1: Ball
2-1: Ball
3-1: Called Strike
3-2: 3-RUN HOME RUN (Flyball, 9LD), Distance : 334 ft
Batting: LHB Tim O'Neal 0-0: Foul Ball, location: 2F
0-1: Ball
1-1: Fly out, F3 (Popup, 3F)
Batting: RHB Mark Finney 0-0: Fly out, F5 (Popup, 5)
Bottom of the 6th over - 3 runs, 3 hits, 0 errors, 0 left on base; Billings 3 - Yakima 7
TOP OF THE 7TH
Billings Polar Bears batting - Pitching for Yakima Hops : LHP John Ashwood
Batting: RHB Nathan Landrum 0-0: Ball
1-0: Ball
2-0: Ball
3-0: Called Strike
3-1: Base on Balls
Batting: SHB Tomás Solorzano 0-0: Ball
1-0: Swinging Strike
1-1: Foul Ball, location: 2F
1-2: Foul Ball, location: 2F
1-2: Strikes out swinging
Batting: RHB Corey Dudding 0-0: Ball
1-0: Ball
2-0: Ball
3-0: Called Strike
3-1: Foul Ball, location: 2F
3-2: Strikes out looking
Nathan Landrum is caught stealing 2nd base
Batter strikes out.
Top of the 7th over - 0 runs, 0 hits, 0 errors, 0 left on base; Billings 3 - Yakima 7
BOTTOM OF THE 7TH
Yakima Hops batting - Pitching for Billings Polar Bears : RHP Roberto Roque
Batting: RHB Jud Regan 0-0: Swinging Strike
0-1: Ball
1-1: Foul Ball, location: 2F
1-2: Ball
2-2: Ball
3-2: Foul Ball, location: 2F
3-2: Foul Ball, location: 2F
3-2: Base on Balls
Batting: RHB Luis Rodríguez 0-0: Bunted foul
0-1: Sac Bunt - play at first, batter OUT! 5-4
Jud Regan to second
Batting: RHB Javier Carretero 0-0: Ball
1-0: Foul Ball, location: 2F
1-1: Ball
2-1: Single, Error in OF, E7, batter to second base
Jud Regan scores
Batting: RHB Randy Contreras 0-0: Called Strike
0-1: Called Strike
0-2: Foul Ball, location: 2F
0-2: Strikes out looking
Batting: RHB Giuseppe Provolone 0-0: Ball
1-0: Foul Ball, location: 2F
1-1: Ground out 5-3 (Groundball, 5L)
Bottom of the 7th over - 1 run, 1 hit, 1 error, 1 left on base; Billings 3 - Yakima 8
TOP OF THE 8TH
Billings Polar Bears batting - Pitching for Yakima Hops : LHP John Ashwood
Batting: RHB Mariano Sánchez 0-0: Called Strike
0-1: Ball
1-1: Swinging Strike
1-2: Strikes out looking
Batting: LHB Steve Sconiers 0-0: Called Strike
0-1: Called Strike
0-2: Ground out 3-1 (Groundball, 34)
Batting: RHB José Cruz 0-0: Swinging Strike
0-1: Swinging Strike
0-2: Foul Ball, location: 2F
0-2: Foul Ball, location: 2F
0-2: Fly out, F7 (Flyball, 7D)
Top of the 8th over - 0 runs, 0 hits, 0 errors, 0 left on base; Billings 3 - Yakima 8
BOTTOM OF THE 8TH
Yakima Hops batting - Pitching for Billings Polar Bears : RHP Roberto Roque
Batting: RHB Xavier Gama 0-0: Foul Ball, location: 2F
0-1: Swinging Strike
0-2: Fly out, F8 (Flyball, 8RS)
Batting: SHB José Rico 0-0: Ball
1-0: Swinging Strike
1-1: Ball
2-1: Foul Ball, location: 2F
2-2: Ball
3-2: Foul Ball, location: 2F
3-2: Base on Balls
Batting: LHB Tim O'Neal 0-0: Swinging Strike
0-1: Grounds into double play, 5-4-3 (Groundball, 56)
Bottom of the 8th over - 0 runs, 0 hits, 0 errors, 0 left on base; Billings 3 - Yakima 8
TOP OF THE 9TH
Billings Polar Bears batting - Pitching for Yakima Hops : LHP John Ashwood
Batting: SHB Kilipaki Malamapono 0-0: Ball
1-0: SINGLE (Line Drive, 56)
Pitching: RHP Iván Icaza
Batting: LHB Chris Hill 0-0: Called Strike
0-1: Called Strike
0-2: SINGLE (Groundball, 56D)
Kilipaki Malamapono to second
Batting: RHB António Canales 0-0: Called Strike
0-1: Swinging Strike
0-2: Strikes out swinging
Batting: RHB Nathan Landrum 0-0: Foul Ball, location: 2F
0-1: Ball
1-1: Ball
2-1: Ball
3-1: Ground out 5-3 (Groundball, 5S)
Kilipaki Malamapono to third
Chris Hill to second
Batting: SHB Tomás Solorzano 0-0: Fly out, F7 (Flyball, 78M)
Top of the 9th over - 0 runs, 2 hits, 0 errors, 2 left on base; Billings 3 - Yakima 8
Sunday, March 18th, 2018 - OOTP Baseball 18.8 Build 76